 Dungeon Crawl Stone Soup version 0.29-a0-338-g1ff7896281 (webtiles) character file.

Game seed: 17221742590926217526

703 Dauddaud the Cleaver (level 7, -9/57 HPs)
             Began as a Minotaur Berserker on Apr 18, 2022.
             Was a Priest of Trog.
             Killed from afar by Dowan (19 damage)
             ... with a stone arrow
             ... on level 5 of the Dungeon.
             The game lasted 00:05:59 (3808 turns).

Dauddaud the Cleaver (Minotaur Berserker)           Turns: 3808, Time: 00:06:00

Health: -9/57      AC:  9    Str: 24    XL:     7   Next: 39%
Magic:  6/6        EV:  9    Int:  4    God:    Trog [***...]
Gold:   342        SH:  0    Dex: 15    Spells: 6/6 levels left

rFire   . . .      SeeInvis +   a - +0 hand axe
rCold   . . .      Faith    .   (no shield)
rNeg    . . .      Spirit   .   v - +0 chain mail
rPois   .          Reflect  .   (helmet restricted)
rElec   .          Harm     .   (no cloak)
rCorr   .          Rampage  .   (no gloves)
Will    .....                   x - +0 pair of boots
Stlth   ..........              (no amulet)
HPRegen 0.19/turn               g - +6 ring of dexterity
MPRegen 0.10/turn               m - ring of see invisible

@: on berserk cooldown
A: horns 2, retaliatory headbutt
a: Renounce Religion, Berserk, Trog's Hand


You were on level 5 of the Dungeon.
You worshipped Trog.
Trog was most pleased with you.
You visited 1 branch of the dungeon, and saw 5 of its levels.

You collected 342 gold pieces.

Inventory:

Hand Weapons
 a - a +0 hand axe (weapon)
Armour
 b - a +0 animal skin
 l - a +0 ring mail
 v - a +0 chain mail (worn)
 x - a +0 pair of boots (worn)
Jewellery
 g - a +6 ring of dexterity (left hand)
 m - a ring of see invisible (right hand)
Scrolls
 c - a scroll of brand weapon {unknown}
 d - 7 scrolls of identify {unknown}
 e - a scroll of holy word {unknown}
 f - 2 scrolls of teleportation {unknown}
 i - 2 scrolls of vulnerability {unknown}
 p - a scroll of enchant weapon {unknown}
 q - 2 scrolls of summoning {unknown}
 r - a scroll of amnesia
 w - a scroll of immolation {unknown}
Potions
 h - a potion of heal wounds {unknown}
 j - 2 potions of flight {unknown}
 k - a potion of curing
 n - 2 potions of ambrosia {unknown}
 o - a potion of resistance {unknown}
 s - a potion of lignification {unknown}
 t - a potion of attraction {unknown}
 u - a potion of mutation {unknown}


   Skills:
 - Level 3.6 Fighting
 + Level 10.4 Axes
 - Level 2.4 Armour
 - Level 2.1 Dodging


You had 6 spell levels left.
You didn't know any spells.
Your spell library was empty.

Dungeon Overview and Level Annotations

Branches:
Dungeon (5/15)
 Temple: D:4-7

Altars:
Fedhas

Annotations:
D:5 Dowan


Innate Abilities, Weirdness & Mutations

You have a pair of horns on your head.
You reflexively headbutt those who attack you in melee.


Message History

Dowan seems to find hidden reserves of power!
You feel a strong urge to attack something.
You are no longer berserk.
You are exhausted.
You feel yourself slow down.
As you read the scroll labelled JESCHO FOVEOC, it crumbles to dust.
It is a scroll of amnesia.
You feel forgetful for a moment.
Your skin crawls.
You feel strong-willed. Dowan gestures at you while chanting.
The shard of ice hits you!
* * * LOW HITPOINT WARNING * * *
It was a potion of curing.
You feel better.
Dowan mumbles some strange words.
Dowan blinks!
Dowan gestures wildly while chanting.
Dowan blinks!
Something unseen breaks down the door.
Dowan mumbles some strange words.
Dowan blinks!
Found a viscous pink potion.
You feel the effects of Trog's Hand fading.
You hit Dowan but do no damage. Dowan casts a spell at you.
The shard of ice misses you. Dowan closely misses you.
You closely miss Dowan.
Your skin stops crawling.
You feel less strong-willed. Dowan hits you with a +0 dagger.
Dowan hits you but does no damage.
You closely miss Dowan. Your headbutt misses Dowan.
Dowan points at you and mumbles some strange words.
The shard of ice hits you!
* * * LOW HITPOINT WARNING * * *
Dowan hits you with a +0 dagger.
* * * LOW HITPOINT WARNING * * *
You barely miss Dowan. Your headbutt misses Dowan.
You feel yourself speed up. Dowan gestures at you while chanting.
The stone arrow hits you!!
You die...

........# .#
........#
#.......#
#.......#
........#
..####..# ..
#..# ##..+####
#....e@.#
##........#
#.......##
.!.........#
.........#..#
.......#..#....
.......##..##...
....... #.## #..


You could see Dowan (fast).

Vanquished Creatures
  Grinder (D:4)
  Duvessa (D:5)
  A scorpion (D:5)
  2 hounds (D:4)
  An orc priest (D:4)
  An orc wizard (D:4)
  Natasha (thrice) (D:2)
  8 adders
  A worm (D:2)
  2 dart slugs (D:3)
  7 orcs
  2 ball pythons
  2 bats
  9 endoplasms
  4 giant cockroaches
  9 goblins
  5 hobgoblins
  8 jackals
  5 quokkas
  3 frilled lizards
  9 kobolds
  3 rats (D:2)
87 creatures vanquished.

Notes
Turn   | Place    | Note
-------+----------+-------------------------------------------
     0 | D:1      | Dauddaud the Minotaur Berserker began the quest for the
                  | Orb.
     0 | D:1      | Reached XP level 1. HP: 19/19 MP: 0/0
   190 | D:1      | Reached skill level 4 in Axes
   263 | D:1      | Reached XP level 2. HP: 25/26 MP: 1/1
   873 | D:2      | Noticed Natasha
   880 | D:2      | Killed Natasha
   881 | D:2      | Reached skill level 5 in Axes
   881 | D:2      | Reached XP level 3. HP: 21/31 MP: 2/2
   886 | D:2      | Reached ** piety under Trog
   977 | D:2      | Noticed Natasha
   985 | D:2      | Killed Natasha
   986 | D:2      | Reached skill level 6 in Axes
   986 | D:2      | Reached XP level 4. HP: 19/39 MP: 3/3
  1102 | D:2      | Noticed Natasha
  1112 | D:2      | Killed Natasha
  1599 | D:2      | Reached XP level 5. HP: 44/45 MP: 4/4
  1647 | D:2      | Reached skill level 7 in Axes
  1744 | D:2      | Found a faded altar of an unknown god.
  2204 | D:3      | Found a blossoming altar of Fedhas.
  2608 | D:3      | Reached *** piety under Trog
  2983 | D:4      | Reached skill level 8 in Axes
  3280 | D:4      | Reached XP level 6. HP: 37/51 MP: 5/5
  3619 | D:4      | Noticed Grinder
  3629 | D:4      | Killed Grinder
  3630 | D:4      | Reached skill level 9 in Axes
  3630 | D:4      | Reached XP level 7. HP: 52/57 MP: 6/6
  3752 | D:5      | Entered Level 5 of the Dungeon
  3768 | D:5      | Noticed Duvessa
  3777 | D:5      | Reached skill level 10 in Axes
  3788 | D:5      | Killed Duvessa
  3788 | D:5      | Noticed Dowan
  3793 | D:5      | HP: 2/57 [Dowan/shard of ice (8)]
  3808 | D:5      | Killed from afar by Dowan

Illustrated notes

Levels and vault maps discovered:
D:1:      psy_arrival_dodecagon, layout_loops_ring
D:2:      layout_basic, shapermc_ecumenical_altar_pompeii, grunt_ministairs_15,
          uniq_natasha
D:3:      layout_loops_cross, fedhas_altar_2
D:4:      layout_loops_ring, uniq_grinder
D:5:      layout_cave_pools, nicolae_ru_great_annihilating_truth,
          nemelex_diamond_rough_becter, kennysheep_okawaru_gauntlet,
          amethyst_overflow_temple_binary, minmay_temple_entry_enclosed_plants,
          serial_column_ruins, column_ruins_columns_plus, column_ruins_grid_1,
          column_ruins_open_small_water, column_ruins_open_small,
          column_ruins_columns_straight, hangedman_decor_slide_cut,
          feat_on_display, uniq_ijyb, uniq_duvessa, uniq_sigmund

Skill      XL: |  1  2  3  4  5  6  7 |
---------------+----------------------+-----
Axes           | 4 5 6 8 9 10 | 10.4
Fighting       | |  3.6
Armour         | |  2.4
Dodging        | |  2.1

Action                   |  1- 3 |  4- 6 |  7- 9 || total
-------------------------+-------+-------+-------++-------
Melee: Hand axe          |    48 |   137 |    22 ||   207
       Headbutt          |     4 |    26 |     2 ||    32
       Punch             |       |     3 |       ||     3
Invok: Berserk           |       |       |     1 ||     1
       Trog's Hand       |       |       |     1 ||     1
  Use: Scroll            |       |       |     1 ||     1
       Potion            |       |       |     1 ||     1
 Stab: Distracted        |     1 |       |       ||     1
       Sleeping          |     2 |       |       ||     2
Armor: Animal skin       |     9 |     5 |       ||    14
       Ring mail         |       |    27 |       ||    27
       Chain mail        |       |    10 |     3 ||    13
Dodge: Dodged            |    31 |    64 |     4 ||    99

Table legend: (Time is in decaauts)
 A = Elapsed time spent in this place.
 B = Non-inter-level travel time spent in this place.
 C = Inter-level travel time spent in this place.
 D = Time resting spent in this place.
 E = Time spent auto-exploring this place.
 F = Levels seen in this place.
 G = Mean time per level.
                   A        B        C        D        E       F      G
               +--------+--------+--------+--------+--------+-----+--------+
         Total |   3806 |   3729 |     77 |    636 |   2545 |   5 |  761.2 |
       Dungeon |   3806 |   3729 |     77 |    636 |   2545 |   5 |  761.2 |
               +--------+--------+--------+--------+--------+-----+--------+

Top non-repeatable levels by time:
     D:2: 1180 daAuts
     D:4: 1021 daAuts
     D:1: 875 daAuts
     D:3: 672 daAuts
     D:5: 56 daAuts
